AoeStats
← Rick Astley

Black Forest

510399282Analyzed
2v2 RM · 3d ago on Sep 30, 2026· 59m 53s· 4 players
Game mode
Random Map
Map size
Medium (4 player)
Population
200
Speed
Normal
Resources
Standard
Victory
Conquest
Starting age
Dark Age
Ending age
Imperial Age
RankedLock teamsTeams togetherTeam positionsShared explorationLock speedFull tech treeHidden civsTurbo modeCheats
Victory
Defeat
🇨🇱 Franks · Chile
831
+11
🇨🇱 Byzantines · Chile
710
+15
733
-14
🇩🇪 Malians · Germany
674
-12
JEMITO ŠUMAFUK 1916539043 CZ
1:22 Loom
9:49 Feudal Age
10:30 Horse Collar
13:07 Town Watch
13:33 Double-Bit Axe
20:46 Castle Age
21:21 Wheelbarrow
20:46 Stone Mining
20:46 Gold Mining
22:20 Bow Saw
22:14 Town Patrol
22:32 Heavy Plow
24:27 Hand Cart
24:08 Treadmill Crane
25:42 Ballistics
26:58 Caravan
28:38 Guard Tower
29:30 Scale Mail Armor
29:22 Fletching
29:33 Padded Archer Armor
31:47 Murder Holes
31:50 Bodkin Arrow
32:11 Leather Archer Armor
35:58 Imperial Age
34:45 Gold Shaft Mining
37:54 Chemistry
37:31 Keep
36:41 Arrowslits
37:55 Yeomen
40:04 Two-Man Saw
39:47 Guilds
41:09 Conscription
40:55 Bracer
41:11 Fortified Wall
41:14 Masonry
42:08 Ring Archer Armor
41:55 Warwolf
41:28 Pikeman
42:28 Forging
42:19 Scale Mail Armor
43:26 Elite Longbowman
44:22 Halberdier
45:39 Architecture
44:42 Cranequins
44:43 Heavy Mounted Crossbowman
Rick Astley
1:57 Loom
14:34 Feudal Age
16:27 Wheelbarrow
15:39 Double-Bit Axe
15:37 Horse Collar
15:54 Gold Mining
15:55 Stone Mining
16:17 Man-at-Arms
19:00 Arson
23:30 Castle Age
24:30 Hand Cart
24:27 Bow Saw
24:04 Long Swordsman
24:44 Squires
26:27 Heavy Plow
27:02 Pikeman
31:10 Gold Shaft Mining
31:10 Stone Shaft Mining
30:45 Caravan
30:49 Scale Mail Armor
30:59 Forging
30:42 Fletching
31:17 Town Watch
33:45 Town Patrol
33:33 Crossbowman
34:19 Thumb Ring
33:35 Elite Skirmisher
35:07 Murder Holes
35:23 Fortified Wall
35:33 Ballistics
35:04 Heated Shot
35:01 Treadmill Crane
35:42 Ballistics
35:12 Heated Shot
35:32 Fortified Wall
35:47 Tigui
39:22 Imperial Age
38:32 Husbandry
38:43 Bloodlines
37:54 Light Cavalry
39:09 Scale Barding Armor
39:04 Padded Archer Armor
40:50 Conscription
41:07 Crop Rotation
40:57 Guard Tower
42:07 Chemistry
41:19 Masonry
42:42 Iron Casting
42:23 Chain Mail Armor
42:29 Chain Barding Armor
42:04 Bodkin Arrow
43:07 Elite Gbeto
Borix7138
2:02 Loom
13:12 Feudal Age
15:06 Horse Collar
19:41 Castle Age
18:50 Double-Bit Axe
19:05 Gold Mining
22:42 Wheelbarrow
24:05 Hand Cart
24:44 Heavy Plow
31:11 Gold Shaft Mining
34:23 Imperial Age
32:54 Scale Barding Armor
33:21 Husbandry
33:49 Ballistics
33:40 Stone Mining
34:58 Forging
35:13 Chain Barding Armor
36:12 Cavalier
38:30 Iron Casting
38:35 Plate Barding Armor
40:41 Treadmill Crane
41:00 Fletching
43:27 Stone Shaft Mining
44:18 Padded Archer Armor
45:14 Heavy Cavalry Archer
48:50 Capped Ram
50:34 Pikeman
51:43 Elite Skirmisher
52:48 Leather Archer Armor
53:05 Squires
52:51 Gambesons
52:27 Halberdier
53:12 Bodkin Arrow
54:22 Ring Archer Armor
55:50 Chemistry
54:46 Murder Holes
56:10 Bracer
56:05 Arson
ElLechero901
10:50 Feudal Age
11:30 Feudal Age
17:29 Castle Age
15:45 Double-Bit Axe
19:09 Wheelbarrow
23:14 Hand Cart
28:56 Gold Mining
29:21 Bow Saw
32:31 Imperial Age
31:44 Gold Shaft Mining
31:16 Husbandry
31:29 Scale Barding Armor
31:35 Forging
32:38 Cavalier
34:09 Chain Barding Armor
34:24 Iron Casting
34:27 Stone Mining
34:52 Paladin
39:29 Plate Barding Armor
40:20 Blast Furnace
39:18 Onager
41:51 Conscription
49:25 Ordonnance Companies
49:26 Elite Throwing Axeman
55:18 Light Cavalry
56:31 Caravan
Connection lost

Rejoining the realm…

Still unreachable

The connection could not be restored.

Session expired

The server has moved on; the page needs a fresh start.